 Dungeon Crawl Stone Soup version 0.31.0-12-g77e489cdc1 (webtiles) character file.

Game seed: 4329975226737102528

279 BigDaddyOpFi the Ruffian (level 6, -2/43 HPs)
             Began as an Octopode Fighter on Mar 7, 2024.
             Slain by a gnoll
             ... wielding a +2 halberd of flaming
              (13 damage)
             ... on level 3 of the Dungeon.
             The game lasted 00:04:16 (2823 turns).

BigDaddyOpFi the Ruffian (Octopode Fighter)         Turns: 2823, Time: 00:04:18

Health: -2/43      AC:  1    Str: 15    XL:     6   Next: 26%
Magic:  6/6        EV: 14    Int: 11    God:
Gold:   119        SH: 11    Dex: 13    Spells: 5/5 levels left

rFire   . .          .
                       - Unarmed
rCold   . . .        a - +1 buckler
rNeg    . . .        (helmet restricted)
rPois   .            j - amulet of reflection
rElec   .            (no ring)
rCorr   .            (no ring)
SInv    .            (no ring)
Will    .....        (no ring)
Stlth   ++           (no ring)
HPRegen 0.27/turn    (no ring)
MPRegen 0.10/turn    (no ring)
                     (no ring)

%: reflection
@: no status effects
A: almost no armour, amphibious, 8 rings, camouflage 1, gelatinous body 1,
(nimble swimmer 1), tentacles
a: no special abilities


You were on level 3 of the Dungeon.
You visited 1 branch of the dungeon, and saw 3 of its levels.
You also visited: Sewer.

You collected 119 gold pieces.

Inventory:

Missiles
 c - 11 poisoned darts (quivered)
 o - 7 stones
Armour
 a - a +1 buckler (worn)
Jewellery
 j - an amulet of reflection (around mantle)
Scrolls
 d - a scroll of amnesia
 n - 3 scrolls of vulnerability
 p - a scroll of fog {unknown}
Potions
 b - 2 potions of might
 e - a potion of resistance
 f - 4 potions of mutation
 g - a potion of attraction
 h - a potion of ambrosia {unknown}
 i - 2 potions of heal wounds
 k - a potion of haste {unknown}
 l - a potion of curing
 m - a potion of degeneration {unknown}
 r - a potion of magic {unknown}
 s - a potion of invisibility {unknown}


   Skills:
 + Level 4.0 Fighting
 + Level 1.2 Throwing
 + Level 4.0 Dodging
 + Level 3.9 Shields
 * Level 4.1 Unarmed Combat


You had 5 spell levels left.
You didn't know any spells.
Your spell library contained the following spells:

 Spells                   Type           Power      Damage    Failure   Level
 Dazzling Flash           Conj/Hex       0%         N/A       80%         3
 Hailstorm                Conj/Ice       0%         3d5       80%         3
 Inner Flame              Hex/Fire       0%         N/A       80%         3
 Summon Ice Beast         Ice/Summ       0%         N/A       80%         3
 Volatile Blastmotes      Fire/Tloc      0%         2d10      80%         3
 Irradiate                Conj/Alch      0%         3d11      100%        5
 Sculpt Simulacrum        Ice/Alch       0%         N/A       100%        6
 Starburst                Conj/Fire      0%         6d3       100%        6
 Ignition                 Fire           0%         3d3       100%        8
 Maxwell's Capacitive Co  Air            0%         ∞         100%        8


Dungeon Overview and Level Annotations

Branches:
Dungeon (3/15)              Sewer (visited)

Altars:

Shops:
D:3 :(


Innate Abilities, Weirdness & Mutations

You cannot wear most types of armour.
You are amphibious.
You can wear up to eight rings at the same time.
Your skin changes colour to match your surroundings (Stealth+).
Your rubbery body absorbs attacks. (AC +1, EV +1)
((You are camouflaged when in or above water. (Stealth+)))
You have tentacles for arms and can constrict up to eight enemies at once.


Message History

A gnoll is wielding a +2 halberd of flaming.
The gnoll shouts! x2
There are monsters nearby!
The gnoll shouts! x2
You block the gnoll's attack. The gnoll closely misses you.
The gnoll attacks as it pursues you! You block the gnoll's attack.
The gnoll attacks as it pursues you! The gnoll hits you with a +0 club.
The gnoll attacks as it pursues you! The gnoll closely misses you.
You closely miss the gnoll. Your grab misses the gnoll.
Your squeeze misses the gnoll. You block the gnoll's attack.
You tentacle-slap the gnoll. You grab the gnoll. You squeeze the gnoll.
The gnoll is heavily wounded.
You constrict the gnoll.
The gnoll hits you from afar with a +0 halberd.
You block the gnoll's attack.
You tentacle-slap the gnoll.
The gnoll is almost dead.
You constrict the gnoll.
You kill the gnoll!
You block the gnoll's attack.
Your Dodging skill increases to level 4!
You barely miss the gnoll. You grab the gnoll. You constrict the gnoll.
The gnoll barely misses you. You block the gnoll's attack. x2
You tentacle-slap the gnoll.
The gnoll is moderately wounded.
You constrict the gnoll, but do no damage.
The gnoll hits you from afar with a +0 halberd!
The gnoll hits you with a +0 whip. The gnoll barely misses you.
You tentacle-slap the gnoll.
The gnoll is severely wounded.
You constrict the gnoll. You block the gnoll's attack. x2
The gnoll barely misses you.
You tentacle-slap the gnoll but do no damage.
The gnoll is almost dead.
You constrict the gnoll.
You kill the gnoll!
The gnoll hits you from afar with a +0 halberd!
* * * LOW HITPOINT WARNING * * *
The gnoll hits you from afar with a +2 halberd of flaming!
You die...

..'..........#
.##.........#
#.........#
#.........#
##.......##
##.....##
#.##### #.#
#@# #
#########)#
##..
........gg#
....
####......#
.... #......#
....
.........#
####
...##.....#
... ## #......
### .#######


You could see 2 gnolls.

Vanquished Creatures
  2 kobold brigands (Sewer)
  A jelly (D:2)
  2 adders (D:2)
  2 gnolls (D:3)
  2 ribbon worms
  4 orcs (D:3)
  6 endoplasms
  3 giant cockroaches
  4 goblins
  9 hobgoblins
  3 quokkas (D:1)
  2 ball pythons
  6 bats
  5 frilled lizards
  16 kobolds
  6 rats
73 creatures vanquished.

Notes
Turn   | Place    | Note
-------+----------+-------------------------------------------
     0 | D:1      | BigDaddyOpFi the Octopode Fighter began the quest for the
                  | Orb.
     0 | D:1      | Reached XP level 1. HP: 16/16 MP: 1/1
   217 | D:1      | Reached XP level 2. HP: 21/21 MP: 2/2
   423 | D:1      | Found a faded altar of an unknown god.
   982 | D:2      | Reached XP level 3. HP: 26/26 MP: 3/3
  1168 | D:2      | Reached XP level 4. HP: 29/31 MP: 4/4
  1842 | D:3      | Found Tid Pill's Book Emporium.
  2025 | D:3      | Found a glowing drain.
  2070 | Sewer    | Entered a sewer
  2324 | Sewer    | Noticed a kobold brigand
  2324 | Sewer    | Noticed a kobold brigand
  2339 | Sewer    | Killed a kobold brigand
  2340 | Sewer    | Reached XP level 5. HP: 20/37 MP: 5/5
  2347 | Sewer    | Killed a kobold brigand
  2348 | Sewer    | Reached skill level 1 in Throwing
  2348 | Sewer    | Reached XP level 6. HP: 20/43 MP: 6/6
  2750 | D:3      | Found Xozoil Mapn's Weapon Boutique.
  2823 | D:3      | Slain by a gnoll

Illustrated notes

Levels and vault maps discovered:
D:1:      elethiomel_arrival_maze, layout_basic,
          shapermc_ecumenical_altar_mp_urbaneastern, minmay_pentomino_q2
D:2:      layout_loops_cross
D:3:      minmay_chambers_of_twos, layout_rooms, cheibrodos_sewer_entry_bend,
          serial_shops, shop, nicolae_shop_peninsula, kennysheep_generic_room_13

Skill      XL: |  1  2  3  4  5  6 |
---------------+-------------------+-----
Unarmed Combat | 3 4 |  4.1
Throwing       | 1 |  1.2
Fighting       | 4 |  4.0
Dodging        | 4 |  4.0
Shields        | |  3.9

Action                     |  1- 3 |  4- 6 || total
---------------------------+-------+-------++-------
  Melee: Unarmed           |    68 |   101 ||   169
         Constrict         |    18 |    32 ||    50
         Tentacles         |    14 |    16 ||    30
         Punch             |     1 |     2 ||     3
  Throw: Dart              |       |     2 ||     2
    Use: Potion            |     2 |     2 ||     4
         Scroll            |     1 |    11 ||    12
   Stab: Sleeping          |     4 |     4 ||     8
 Armour: Skin              |    11 |    34 ||    45
  Dodge: Dodged            |    31 |    34 ||    65
  Block: Buckler           |    11 |    49 ||    60
         Reflection        |       |     1 ||     1
